 Dungeon Crawl Stone Soup version 0.17.0-23-g0de4337 (console) character file.

254 jw the Chopper (level 6, -1/43 HPs)
             Began as an Octopode Berserker on Nov 14, 2015.
             Was a Priest of Trog.
             Slain by a slave (4 damage)
             ... led by Pikel
             ... on level 4 of the Dungeon.
             The game lasted 00:09:42 (3946 turns).

jw the Chopper (Octopode Berserker)                 Turns: 3946, Time: 00:09:42

Health: -1/43      AC:  1    Str: 17    XL:     6   Next: 15%
Magic:  6/6        EV: 13    Int:  9    God:    Trog [***...]
Gold:   175        SH:  0    Dex: 13    Spells: 0 memorised, 5 levels left

rFire  . . .     SeeInvis .     a - +1 hand axe
rCold  . . .     Clarity  .     (no shield)
rNeg   . . .     SustAt   .     (helmet restricted)
rPois  .         Gourm    .     (no amulet)
rElec  .         Spirit   .     (no ring)
rCorr  .         Warding  .     (no ring)
rMut   .         Stasis   .     (no ring)
MR     .....                    (no ring)
Stlth  ++........               (no ring)
                                (no ring)
                                (no ring)
                                (no ring)

@: not resistant to hostile enchantments, unstealthy
A: almost no armour, amphibious, 8 rings, constrict 8, camouflage 1, gelatinous
body 1
a: Berserk, Trog's Hand, Burn Spellbooks, Renounce Religion


You were on level 4 of the Dungeon.
You worshipped Trog.
Trog was most pleased with you.
You were not hungry.

You visited 1 branch of the dungeon, and saw 4 of its levels.

You collected 175 gold pieces.

Inventory:

Hand Weapons
 a - a +1 hand axe (weapon)
Missiles
 c - 45 stones
 p - 3 tomahawks (quivered)
Wands
 m - a wand of flame (13)
Scrolls
 g - a scroll of identify
Potions
 e - a potion of agility {unknown}
 f - 3 potions of curing
 h - 2 potions of poison {unknown}
 i - 3 potions of heal wounds
 j - a potion of magic
 k - a potion of haste
Comestibles
 b - a bread ration
 d - 2 meat rations
 l - a slice of pizza


   Skills:
 + Level 4.2 Fighting
 * Level 5.1 Axes
 + Level 2.6 Throwing
 - Level 3.0 Dodging


You had 5 spell levels left.
You didn't know any spells.

Dungeon Overview and Level Annotations

Branches:
Dungeon (4/15)
 Temple: D:4-7

Altars:
Cheibriados
Elyvilon
Fedhas
Gozag
Nemelex Xobeh
Okawaru
Ru
Trog
Zin
The Shining One

Annotations:
D:4 Pikel


Innate Abilities, Weirdness & Mutations

You cannot wear most types of armour.
You are amphibious.
You can wear up to eight rings at the same time.
You can use your tentacles to constrict eight enemies at once.
Your skin changes colour to match your surroundings (Stealth).
Your rubbery body absorbs attacks (AC +1).


Message History

MOVING TO (3,-4)
You barely miss Pikel. You grab Pikel. You hit the slave but do no damage.
The slave is moderately wounded.
You barely miss the slave.
The slave is lightly wounded.
You constrict Pikel. The slave hits you. The slave closely misses you.
The ogre hits you with a giant spiked club!
MOVING TO (3,-3)
You slash the ogre! You squeeze the ogre!
The ogre is severely wounded.
You hit the slave.
The slave is lightly wounded.
You hit the slave but do no damage.
The slave is moderately wounded.
You hit the slave but do no damage.
The slave is lightly wounded.
You hit Pikel but do no damage.
Pikel is lightly wounded.
You constrict Pikel. The slave hits you.
You die...

#..#######
#....##.##
#...%....###
#.........###.
#.............
#....$........
#...p...#.....
##.pKO..# ##..
#.px####...
#.p........
#######........#
.........#######
######..## ##..#
###..## #.....#
#.###..#


You could see Pikel, an ogre and 4 slaves.

Table legend:
 A = Turns spent in this place as a percentage of turns spent in the entire game.
 B = Non-inter-level travel turns spent in this place as a percentage of non-inter-level travel turns spent in the entire game.
 C = Inter-level travel turns spent in this place as a percentage of turns spent in this place.
 D = Turns resting spent in this place as a percentage of non-inter-level travel turns spent in this place.
 E = Turns spent auto-exploring this place as a percentage of non-inter-level travel turns spent in this place.
 F = Non-inter-level travel turns spent in this place divided by the number of levels of this place that you've seen.
                   A       B       C       D       E      F
               +-------+-------+-------+-------+-------+----------------------
         Total | 100.0 | 100.0 |   0.3 |   0.9 |   3.0 | 1173.5
       Dungeon | 100.0 | 100.0 |   0.3 |   0.9 |   3.0 | 1173.5
               +-------+-------+-------+-------+-------+----------------------

Table legend:
 A = Kills in this place as a percentage of kills in entire the game.
 B = Kills by you in this place as a percentage of kills by you in the entire game.
 C = Kills by friends in this place as a percentage of kills by friends in the entire game.
 D = Other kills in this place as a percentage of other kills in the entire game.
 E = Experience gained in this place as a percentage of experience gained in the entire game.
 F = Experience gained in this place divided by the number of levels of this place that you have seen.
                   A       B       C       D       E      F
               +-------+-------+-------+-------+-------+----------------------
         Total | 100.0 | 100.0 |  -nan |  -nan | 100.0 |  91.0
       Dungeon | 100.0 | 100.0 |  -nan |  -nan | 100.0 |  91.0
               +-------+-------+-------+-------+-------+----------------------

Vanquished Creatures
  A scorpion (D:4)
  An iguana (D:3)
  An orc priest (D:4)
  Natasha (twice) (D:3)
  3 adders
  An ooze (D:3)
  2 worms (D:2)
  4 giant geckos
  5 orcs
  2 ball pythons (D:1)
  7 bats
  2 giant cockroaches
  8 goblins
  7 hobgoblins
  10 jackals
  5 kobolds
  3 quokkas (D:3)
  8 giant newts
  5 rats
77 creatures vanquished.

Notes
Turn   | Place    | Note
--------------------------------------------------------------
     0 | D:1      | jw the Octopode Berserker began the quest for the Orb.
     0 | D:1      | Reached XP level 1. HP: 16/16 MP: 1/1
   220 | D:1      | Reached XP level 2. HP: 20/21 MP: 2/2
   324 | D:1      | Reached skill level 1 in Throwing
   593 | D:1      | Reached ** piety under Trog
   729 | D:1      | Reached XP level 3. HP: 26/26 MP: 3/3
  1857 | D:2      | Found a bloodstained altar of Trog.
  1858 | D:2      | Found a snail-covered altar of Cheibriados.
  1858 | D:2      | Found a glowing golden altar of the Shining One.
  1858 | D:2      | Found an iron altar of Okawaru.
  1866 | D:2      | Found a glowing silver altar of Zin.
  1871 | D:2      | Found a blossoming altar of Fedhas.
  2352 | D:3      | Reached XP level 4. HP: 31/31 MP: 4/4
  2365 | D:3      | Reached skill level 4 in Axes
  2607 | D:3      | Found a sparkling altar of Nemelex Xobeh.
  2642 | D:3      | Found a sacrificial altar of Ru.
  2696 | D:3      | Found a white marble altar of Elyvilon.
  2761 | D:3      | Found an opulent altar of Gozag.
  2781 | D:3      | Reached XP level 5. HP: 34/36 MP: 5/5
  2809 | D:3      | Reached *** piety under Trog
  2890 | D:3      | Noticed Natasha
  2894 | D:3      | Killed Natasha
  3264 | D:3      | Noticed Natasha
  3268 | D:3      | Killed Natasha
  3478 | D:4      | Reached skill level 5 in Axes
  3602 | D:4      | Reached XP level 6. HP: 41/43 MP: 6/6
  3923 | D:4      | Noticed a slave
  3924 | D:4      | Noticed Pikel
  3924 | D:4      | Noticed a slave
  3927 | D:4      | Noticed a slave
  3927 | D:4      | Noticed a slave
  3933 | D:4      | Noticed an ogre
  3946 | D:4      | Slain by a slave

Action                   |  1- 3 |  4- 6 || total
-------------------------+-------+-------++-------
Melee: Hand axe          |    47 |    52 ||    99
Throw: Tomahawk          |    40 |    19 ||    59
       Stone             |    29 |    24 ||    53
Invok: Berserk           |     1 |       ||     1
Evoke: Wand              |       |     6 ||     6
  Use: Scroll            |     6 |     2 ||     8
       Potion            |     4 |     2 ||     6
 Stab: Sleeping          |     4 |     5 ||     9
  Eat: Chunk             |     3 |     3 ||     6
       Bread ration      |     1 |       ||     1

Vault maps used:
D:1:      dpeg_arrival_fog
D:2:      minmay_overflow_temple_hex, minivault_27
D:3:      nicolae_overflow_crystal_walls, grunt_temple_overflow_open,
          minmay_strange_pillars, grunt_gozag_statues, uniq_natasha
D:4:      columned_hall_lemuel, uniq_pikel
